 Dungeon Crawl Stone Soup version 0.30-a0-918-g0ff054e9dc (webtiles) character file.

Game seed: 10549331823262756198

1049 BlueFish the Insei (level 8, -2/54 HPs)
             Began as an Octopode Transmuter on Mar 21, 2023.
             Slain by a bullfrog (5 damage)
             ... on level 5 of the Dungeon.
             The game lasted 00:07:58 (4410 turns).

BlueFish the Insei (Octopode Transmuter)            Turns: 4410, Time: 00:07:59

Health: -2/54      AC:  2    Str: 18    XL:     8   Next: 25%
Magic:  10/14      EV: 21    Int: 15    God:
Gold:   230        SH:  0    Dex: 17    Spells: 9/15 levels left

rFire   . . .      SeeInvis .      - Unarmed
rCold   . . .      Faith    .    (shield currently unavailable)
rNeg    . . .      Spirit   .    (helmet currently unavailable)
rPois   x          Reflect  .    (no amulet)
rElec   .          Rampage  .    g - +6 ring of strength
rCorr   .                        (no ring)
Will    .....                    (no ring)
Stlth   ++                       (no ring)
HPRegen 0.29/turn                (no ring)
MPRegen 0.14/turn                (no ring)
                                 (no ring)
                                 (no ring)

@: spider-form (expiring)
A: venomous fangs, almost no armour, (amphibious), 8 rings, tiny, (camouflage
1), (gelatinous body 1), (nimble swimmer 1), (tentacles)
a: End Transformation


You were on level 5 of the Dungeon.
You were a venomous arachnid creature.
You visited 1 branch of the dungeon, and saw 5 of its levels.
You also visited: Sewer.

You collected 230 gold pieces.

Inventory:

Missiles
 b - 6 poisoned darts
 k - 8 curare-tipped darts
Jewellery
 g - a +6 ring of strength (left front pincers)
Wands
 a - a wand of flame (7)
Scrolls
 d - 2 scrolls of poison {unknown}
 f - 4 scrolls of teleportation {unknown}
 j - 5 scrolls of identify {unknown}
 l - a scroll of vulnerability {unknown}
 m - a scroll of blinking {unknown}
 n - 2 scrolls of magic mapping {unknown}
 o - a scroll of enchant weapon {unknown}
 r - 3 scrolls of enchant armour {unknown}
 u - a scroll of fog {unknown}
Potions
 c - a potion of might {unknown}
 e - a potion of cancellation {unknown}
 h - a potion of berserk rage {unknown}
 p - a potion of mutation {unknown}
 q - a potion of curing {unknown}
 s - a potion of haste {unknown}
 t - a potion of invisibility {unknown}
 v - a potion of flight {unknown}


   Skills:
 + Level 3.7 Fighting
 + Level 4.2 Dodging
 * Level 2.7 Stealth
 + Level 4.8 Unarmed Combat
 + Level 4.1 Spellcasting
 + Level 4.3 Transmutations
 * Level 2.2 Poison Magic
 + Level 1.2 Evocations


You had 9 spell levels left.
You knew the following spells:

 Your Spells              Type           Power      Damage    Failure   Level
a - Beastly Appendage     Tmut           32%        N/A       11%         1
b - Wereblood             Tmut           16%        N/A       14%         2
c - Spider Form           Tmut/Pois      13%        N/A       32%         3

Your spell library contained the following spells:

 Spells                   Type           Power      Damage    Failure   Level
 Sublimation of Blood     Necr           3%         N/A       47%         2
 Ice Form                 Ice/Tmut       9%         N/A       78%         4
 Petrify                  Tmut/Erth      9%         N/A       78%         4
 Irradiate                Conj/Tmut      4%         3d13      97%         5


Dungeon Overview and Level Annotations

Branches:
Dungeon (5/15)              Sewer (visited)
 Temple: D:4-7

Altars:

Shops:
D:2 =

Annotations:
D:3 2 transporters


Innate Abilities, Weirdness & Mutations

You are a venomous arachnid creature.
You have venomous fangs.
You are tiny and dextrous.
Your spellcasting is less reliable in this form.
Your armour is entirely melded.
You are incapable of wielding weapons or throwing items.
You cannot wear most types of armour.
((You are amphibious.))
You can wear up to eight rings at the same time.
((Your skin changes colour to match your surroundings (Stealth+).))
((Your rubbery body absorbs attacks. (AC +1, EV +1)))
((You are camouflaged when in or above water. (Stealth+)))
((You have tentacles for arms and can constrict up to eight enemies at once.))


Message History

The bullfrog hits you. Something hits you. The orc closely misses you.
The orc completely misses you.
You hit the orc priest.
The orc priest looks as sick as possible!
The orc priest is severely wounded.
Your transformation has ended.
The bullfrog hits you. Something hits you. The orc wizard casts a spell at you.
You resist with some effort. The orc misses you.
The orc hits you with a +0 dagger. The orc priest barely misses you.
Casting: Spider Form (dangerous; 14% risk of failure)
Confirm with . or Enter, or press ? or * to list all spells.
You turn into a venomous arachnid creature.
The bullfrog hits you. The bullfrog completely misses you. Something hits you.
The orc wizard misses you. The orc hits you with a +0 dagger.
The orc misses you.
The orc priest calls upon Beogh to heal the orc wizard.
The orc wizard is healed somewhat.
You hit the orc priest.
You kill the orc priest!
The bullfrog barely misses you. The orc barely misses you.
Something hits you but does no damage.
The orc wizard hits you with a +0 dagger.
* * * LOW HITPOINT WARNING * * *
The orc barely misses you.
You hit the orc wizard.
The orc wizard is poisoned.
The orc wizard is almost dead.
You kill the orc wizard!
The bullfrog hits you!
* * * LOW HITPOINT WARNING * * *
The bullfrog misses you.
You hit the bullfrog.
The bullfrog is poisoned.
The bullfrog is lightly wounded.
Your transformation is almost over.
You hear some strange, mumbled words.
Something tries to affect you, but you resist.
The orc barely misses you. The orc hits you with a +0 dagger.
* * * LOW HITPOINT WARNING * * *
The bullfrog hits you.
You die...

####. ...#.####
##......##
##........##
#..........#
#..........# ...
#.......)..# ..
.......Fs).#
...#......oo..#
..##........##
#.##........##
#.#..........#
..#####............#
...##..............#
##.................#
..###....†...[.....#


You could see a bullfrog (very poisoned) and 2 orcs.

Vanquished Creatures
  An ogre (D:4)
  3 kobold brigands (Sewer)
  A scorpion (D:4)
  4 jellies
  4 orc priests
  2 hounds (D:4)
  An iguana (D:4)
  4 orc wizards
  Robin (D:3)
  10 adders
  2 river rats (Sewer)
  7 worms
  4 dart slugs
  10 orcs
  23 endoplasms
  5 giant cockroaches
  14 goblins
  9 hobgoblins
  11 ball pythons
  4 bats
  2 frilled lizards
  17 kobolds
  9 rats
148 creatures vanquished.

Vanquished Creatures (others)
  3 fungi (D:2)
  9 toadstools (D:2)
12 creatures vanquished.

Grand Total: 160 creatures vanquished

Notes
Turn   | Place    | Note
-------+----------+-------------------------------------------
     0 | D:1      | BlueFish the Octopode Transmuter began the quest for the
                  | Orb.
     0 | D:1      | Reached XP level 1. HP: 13/13 MP: 3/3
    84 | D:1      | Reached XP level 2. HP: 14/18 MP: 5/5
   240 | D:1      | Found a faded altar of an unknown god.
   593 | D:2      | Reached XP level 3. HP: 19/23 MP: 6/6
   821 | D:2      | Found Zerhiam's Jewellery Shop.
   896 | D:2      | Reached XP level 4. HP: 27/29 MP: 7/7
  1463 | D:2      | Reached XP level 5. HP: 29/34 MP: 6/9
  1472 | D:2      | Learned a level 2 spell: Wereblood
  1476 | D:2      | Learned a level 3 spell: Spider Form
  1683 | D:3      | Noticed Robin
  1697 | D:3      | Killed Robin
  1705 | D:3      | Reached XP level 6. HP: 21/41 MP: 8/10
  1878 | D:3      | Noticed a small abomination
  1880 | D:3      | Found a transporter.
  2188 | D:3      | Found a transporter.
  2372 | D:4      | Reached XP level 7. HP: 46/46 MP: 8/12
  2457 | D:4      | Found a glowing drain.
  2461 | Sewer    | Entered a sewer
  3027 | Sewer    | Reached skill level 1 in Stealth
  3321 | Sewer    | Reached skill level 1 in Poison Magic
  3506 | D:4      | Reached XP level 8. HP: 35/54 MP: 12/14
  3796 | D:4      | Reached skill level 1 in Evocations
  4236 | D:4      | Identified the +2 leather armour of Xom's Vengeance {rCorr
                  | Int-4 Dex+3}
  4350 | D:5      | Entered Level 5 of the Dungeon
  4410 | D:5      | Slain by a bullfrog

Illustrated notes

Levels and vault maps discovered:
D:1:      lemuel_arrival_room, layout_rooms, serial_forest,
          infiniplex_forest_join, infiniplex_forest_corner_1,
          infiniplex_forest_clump_small, infiniplex_forest_clump_small,
          infiniplex_forest_clump_curved, infiniplex_forest_straight_2,
          infiniplex_forest_end_2, infiniplex_forest_clump_small,
          infiniplex_forest_clump_C, infiniplex_forest_straight_4,
          hellmonk_ecumenical_altar_lost_god
D:2:      cheibrodos_fertilizer, layout_loops_ring, serial_shops,
          nicolae_square_shop, nicolae_figureground_pulse
D:3:      layout_rooms, gammafunk_ghost_abyssal_escape, uniq_robin
D:4:      layout_cave_pods, gup_sewer_entry_spiral, minmay_misc_feat_cross
D:5:      layout_rooms, serial_shops, kennysheep_mini

Skill      XL: |  1  2  3  4  5  6  7  8 |
---------------+-------------------------+-----
Fighting       | 2 3 |  3.7
Transmutations | 3 4 |  4.3
Dodging        | 3 4 |  4.2
Spellcasting   | 3 4 |  4.1
Unarmed Combat | 4 |  4.8
Stealth        | 2 |  2.7
Poison Magic   | 1 2 |  2.2
Evocations     | 1 |  1.2

Action                     |  1- 3 |  4- 6 |  7- 9 || total
---------------------------+-------+-------+-------++-------
  Melee: Unarmed           |    45 |   114 |   133 ||   292
         Tentacles         |    15 |    18 |    18 ||    51
         Constrict         |    13 |    14 |    20 ||    47
         Punch             |     3 |     4 |     4 ||    11
         Kick              |       |    18 |    26 ||    44
   Cast: Beastly Appendage |       |    11 |    17 ||    28
         Wereblood         |       |     3 |       ||     3
         Spider Form       |       |       |     7 ||     7
    Use: Potion            |       |     1 |     2 ||     3
   Stab: Sleeping          |     3 |    10 |    11 ||    24
 Armour: Skin              |       |    64 |     4 ||    68
  Dodge: Dodged            |    20 |    57 |   107 ||   184

Table legend: (Time is in decaauts)
 A = Elapsed time spent in this place.
 B = Non-inter-level travel time spent in this place.
 C = Inter-level travel time spent in this place.
 D = Time resting spent in this place.
 E = Time spent auto-exploring this place.
 F = Levels seen in this place.
 G = Mean time per level.
                   A        B        C        D        E       F      G
               +--------+--------+--------+--------+--------+-----+--------+
         Total |   4386 |   4237 |    149 |     52 |   3167 |   6 |  731.0 |
       Dungeon |   3460 |   3311 |    149 |     44 |   2515 |   5 |  692.0 |
         Sewer |    925 |    925 |      0 |      8 |    652 |   1 |  925.0 |
               +--------+--------+--------+--------+--------+-----+--------+

Top non-repeatable levels by time:
     D:4: 1188 daAuts
     D:2: 1115 daAuts
   Sewer: 925 daAuts
     D:1: 561 daAuts
     D:3: 536 daAuts
     D:5: 58 daAuts
